 Dungeon Crawl Stone Soup version 0.18.1-8-gdd0e5ea (webtiles) character file.

31 M4edhros the Sneak (level 3, -9/23 HPs)
             Began as an Octopode Artificer on June 8, 2016.
             Mangled by an ogre
             ... wielding a +0 giant club
              (13 damage)
             ... on level 4 of the Dungeon.
             The game lasted 00:01:30 (1571 turns).

M4edhros the Sneak (Octopode Artificer)             Turns: 1571, Time: 00:01:30

Health: -9/23      AC:  1    Str: 10    XL:     3   Next: 22%
Magic:  5/5        EV: 12    Int: 14    God:
Gold:   126        SH:  0    Dex: 13    Spells: 0 memorised, 2 levels left

rFire  . . .     SeeInvis .     i - +1 dagger (venom)
rCold  . . .     Gourm    .     (no shield)
rNeg   . . .     Faith    .     (helmet restricted)
rPois  .         Spirit   .     (no amulet)
rElec  .         Dismiss  .     (no ring)
rCorr  .         Reflect  .     (no ring)
SustAt .         Harm     .     (no ring)
MR     .....                    (no ring)
Stlth  ++++......               (no ring)
                                (no ring)
                                (no ring)
                                (no ring)

@: not resistant to hostile enchantments, stealthy
A: almost no armour, amphibious, 8 rings, constrict 8, camouflage 1, gelatinous
body 1
a: no special abilities


You were on level 4 of the Dungeon.
You were near starving.

You visited 2 branches of the dungeon, and saw 5 of its levels.

You collected 126 gold pieces.

Inventory:

Hand Weapons
 a - a +0 short sword
 i - a +1 dagger of venom (weapon)
 o - a +0 dagger of venom
 t - a +0 hunting sling
Missiles
 n - 32 sling bullets
 u - 63 stones (quivered)
Jewellery
 e - a cursed ring of loudness {unknown}
 w - a cursed -2 ring of strength {unknown}
Wands
 b - a wand of flame (15/48)
 c - a wand of enslavement (15/24)
 d - a wand of random effects (14/48)
Scrolls
 g - 4 scrolls of teleportation {unknown}
 k - 2 scrolls of identify {unknown}
 m - a scroll of fear {unknown}
 q - a scroll of amnesia {unknown}
 s - a scroll of noise {unknown}
 v - a scroll of fog {unknown}
Potions
 p - a potion of flight {unknown}
 r - a potion of cancellation {unknown}
 x - a potion of curing {unknown}
 z - a potion of might {unknown}
Comestibles
 f - 3 bread rations
 h - a slice of pizza
 j - 2 meat rations
 l - a beef jerky


   Skills:
 - Level 1.0 Fighting
 - Level 1.0 Short Blades
 - Level 2.0 Dodging
 + Level 4.4 Stealth
 - Level 3.2 Evocations


You had 2 spell levels left.
You didn't know any spells.

Dungeon Overview and Level Annotations

Branches:
Dungeon (4/15)             Temple (1/1) D:4

Altars:
Dithmenos
Elyvilon
Kikubaaqudgha
Makhleb
Pakellas
Qazlal
Sif Muna
Trog
The Shining One


Innate Abilities, Weirdness & Mutations

You cannot wear most types of armour.
You are amphibious.
You can wear up to eight rings at the same time.
You can use your tentacles to constrict eight enemies at once.
Your skin changes colour to match your surroundings (Stealth).
Your rubbery body absorbs attacks (AC +1).


Message History

You see here 15 arrows.
The ogre is too close now for your liking.
An ogre is nearby!
There is a stone staircase leading up here.
An ogre is nearby!
The helpless ogre fails to defend itself.
You puncture the ogre!
The ogre is heavily wounded.
The ogre hits you with a giant club!!
Ouch! That really hurt!
* * * LOW HITPOINT WARNING * * *
There is a stone staircase leading up here.
Evoke which item? (* to show all) (? for menu, Esc to quit)
Zapping:
d - a wand of random effects (15/48)
Press: ? - help, Shift-Dir - straight line, f - ogre
Aim: an ogre, wielding a giant club (heavily wounded)
The ogre resists with significant effort.
This wand has 14 charges left.
The ogre hits you with a giant club!
Ouch! That really hurt!
You die...

########## #
#.(@O....######.##
#.######.........#
#.# ###.......#
#.# #.###...# #.#
##<##..... #.#
#...#... #.#
#.......# #.#
#..........###
####.#
#.##....)#....


You could see an ogre.

Vanquished Creatures
  An adder (D:4)
  A dart slug (D:2)
  3 giant cockroaches (D:1)
  2 goblins
  A hobgoblin (D:1)
  3 kobolds
  A quokka (D:4)
  2 ball pythons
  A bat (D:1)
  A giant newt (D:1)
  3 rats
19 creatures vanquished.

Notes
Turn   | Place    | Note
--------------------------------------------------------------
     0 | D:1      | M4edhros the Octopode Artificer began the quest for the Orb.
     0 | D:1      | Reached XP level 1. HP: 13/13 MP: 3/3
    47 | D:1      | Reached skill level 2 in Stealth
   215 | D:1      | Reached XP level 2. HP: 13/18 MP: 4/4
   501 | D:1      | Reached skill level 3 in Stealth
   992 | D:2      | Noticed a moth of wrath
   995 | D:2      | Found a bloodstained altar of Trog.
  1349 | D:4      | Reached skill level 4 in Stealth
  1349 | D:4      | Reached XP level 3. HP: 23/23 MP: 5/5
  1401 | D:4      | Found a staircase to the Ecumenical Temple.
  1401 | D:4      | Noticed an ogre
  1415 | Temple   | Entered the Ecumenical Temple
  1571 | D:4      | Mangled by an ogre

Skill      XL: |  1  2 |
---------------+-------+-----
Stealth        | 2 4 |  4.4
Fighting       | |  1.0
Short Blades   | |  1.0
Dodging        | |  2.0
Evocations     | |  3.2

Action                   || total
-------------------------++-------
Melee: Short sword       ||    13
       Constrict         ||    10
       Tentacles         ||     9
       Dagger            ||    18
Evoke: Wand              ||     1
 Stab: Sleeping          ||     5
Armor: Skin              ||     3
Dodge: Dodged            ||    20
